 Dungeon Crawl Stone Soup version 0.28-a0-1510-gd0f6b136d3 (webtiles) character file.

Game seed: 15338678613110488884

81 hashsling the Gusty (level 4, -2/24 HPs)
             Began as a Tengu Air Elementalist on Jan 15, 2022.
             Slain by a wyvern zombie (12 damage)
             ... on level 3 of the Dungeon.
             The game lasted 00:07:44 (2507 turns).

hashsling the Gusty (Tengu Air Elementalist)        Turns: 2507, Time: 00:07:46

Health: -2/24      AC:  2    Str:  8    XL:     4   Next: 40%
Magic:  2/8        EV: 13    Int: 17    God:
Gold:   76         SH:  0    Dex: 15    Spells: 1/7 levels left

rFire   . . .      SeeInvis .   n - +6 shillelagh "Devastator" {shatter}
rCold   . . .      Faith    .   (no shield)
rNeg    . . .      Spirit   .   f - +0 robe
rPois   .          Reflect  .   (helmet restricted)
rElec   .          Harm     .   (no cloak)
rCorr   .          Rampage  .   (no gloves)
Will    .....                   (boots unavailable)
Stlth   ++........              (no amulet)
HPRegen 0.08/turn               (no ring)
MPRegen 0.11/turn               (no ring)

@: no status effects
A: beak, talons 3
a: no special abilities


You were on level 3 of the Dungeon.
You visited 1 branch of the dungeon, and saw 3 of its levels.

You collected 76 gold pieces.

Inventory:

Hand Weapons
 l - the +6 hunting sling of Severance {freeze, +Blink Will+ Str-4 Int+2}
   (You took it off a goblin on level 2 of the Dungeon)

   Any ammunition fired from it freezes those it strikes, dealing additional
   cold damage.
   It can also slow down cold-blooded creatures.
   Str:       It affects your strength (-4).
   Int:       It affects your intelligence (+2).
   +Blink:    It lets you blink.
   Will:      It increases your willpower.
 n - the +6 shillelagh "Devastator" (weapon) {shatter}
   (You found it on level 2 of the Dungeon)

   It releases a powerful concussive burst when it strikes, dealing extra damage
   to the target and all other foes adjacent to them.
Missiles
 b - 5 poisoned darts
 k - 20 bolts
 m - 74 stones
Armour
 f - a +0 robe (worn)
Scrolls
 c - a scroll of enchant armour {unknown}
 g - 2 scrolls of fog {unknown}
 i - 2 scrolls of blinking {unknown}
 j - a scroll of enchant weapon {unknown}
Potions
 a - 3 potions of haste {unknown}
 d - a potion of flight {unknown}
 e - 2 potions of curing {unknown}


   Skills:
 + Level 0.1 Fighting
 + Level 0.0 Maces & Flails
 + Level 0.0 Slings
 + Level 2.8 Dodging
 - Level 2.0 Stealth
 + Level 2.3 Spellcasting
 * Level 3.2 Conjurations
 * Level 5.1 Air Magic


You had one spell level left.
You knew the following spells:

 Your Spells              Type           Power      Damage    Failure   Level
a - Shock                 Conj/Air       64%        1d7       3%          1
b - Static Discharge      Conj/Air       16%        N/A       4%          2
c - Swiftness             Air            19%        N/A       7%          3

Your spell library contained the following spells:

 Spells                   Type           Power      Damage    Failure   Level
 Airstrike                Air            9%         N/A       22%         4


Dungeon Overview and Level Annotations

Branches:
Dungeon (3/15)

Altars:


Innate Abilities, Weirdness & Mutations

You have a beak for a mouth.
You have claws for feet.


Message History

There is a stone staircase leading down here.
A rat comes into view.
The zap hits the rat!
You kill the rat!
Done exploring.
Done exploring.
(D) Dungeon
Where to? (Enter - D:2 @ (x,y), ? - help)
What level of the Dungeon? (default 1, ? - help)
There is a stone staircase leading down here.
You climb downwards.
Found a shiny ring mail.
There is a stone staircase leading up here.
A wyvern zombie is nearby!
The zap hits the wyvern zombie.
The wyvern zombie is lightly damaged.
The zap hits the wyvern zombie.
The wyvern zombie is lightly damaged.
The zap hits the wyvern zombie.
The wyvern zombie is moderately damaged.
The zap hits the wyvern zombie.
The wyvern zombie is moderately damaged.
Hit: n) +6 shillelagh "Devastator" {shatter}
Press: ? - help, Dir - move target, f/p - wyvern zombie
Aim: a wyvern zombie (moderately damaged, about 18% to evade the +6 shillelagh "Devastator")
You thump the wyvern zombie!
The wyvern zombie shudders.
The wyvern zombie is heavily damaged.
Your kick misses the wyvern zombie.
The wyvern zombie is heavily damaged.
The wyvern zombie bites you!
Ouch! That really hurt!
The wyvern zombie closely misses you.
Casting: Shock (safe; 3% risk of failure)
Confirm with . or Enter, or press ? or * to list all spells.
The wyvern zombie is struck by an arc of lightning!
The wyvern zombie is severely damaged.
You are struck by an arc of lightning.
The lightning grounds out.
The wyvern zombie bites you!
Ouch! That really hurt!
You die...

## #[.
##...##
.......####.#
......Z@....#
.......######
##...## #..
##


You could see a wyvern zombie.

Vanquished Creatures
  2 adders (D:2)
  A worm (D:2)
  A dart slug (D:1)
  2 ball pythons (D:2)
  4 bats
  3 endoplasms
  5 giant cockroaches (D:1)
  4 goblins
  A hobgoblin (D:1)
  11 jackals
  3 quokkas
  A frilled lizard (D:1)
  6 kobolds
  10 rats
54 creatures vanquished.

Notes
Turn   | Place    | Note
-------+----------+-------------------------------------------
     0 | D:1      | hashsling the Tengu Air Elementalist began the quest for
                  | the Orb.
     0 | D:1      | Reached XP level 1. HP: 10/10 MP: 4/4
   386 | D:1      | Reached XP level 2. HP: 15/15 MP: 4/6
   921 | D:1      | Reached XP level 3. HP: 19/19 MP: 1/7
   924 | D:1      | Learned a level 2 spell: Static Discharge
   928 | D:1      | Learned a level 3 spell: Swiftness
  1804 | D:2      | Reached XP level 4. HP: 13/24 MP: 0/8
  1862 | D:2      | Reached skill level 5 in Air Magic
  1891 | D:2      | Identified the +6 hunting sling of Severance {freeze,
                  | +Blink Will+ Str-4 Int+2}
  2011 | D:2      | Found the +6 shillelagh "Devastator" {shatter}
  2507 | D:3      | Slain by a wyvern zombie

Illustrated notes

Levels and vault maps discovered:
D:1:      saegor_arrival_under_anarchy, layout_basic, minmay_worlds_worst_comb
D:2:      layout_loops_ring
D:3:      layout_loops_ring, nicolae_overflow_quartered_altars,
          shapermc_ecumenical_altar_rom_forum, kennysheep_jessica_study

Skill      XL: |  1  2  3  4 |
---------------+-------------+-----
Conjurations   | 2 3 |  3.2
Air Magic      | 5 |  5.1
Fighting       | |  0.1
Dodging        | |  2.8
Stealth        | |  2.0
Spellcasting   | |  2.3

Action                   |  1- 3 |  4- 6 || total
-------------------------+-------+-------++-------
Melee: Dagger            |     4 |       ||     4
       Kick              |     6 |       ||     6
       Peck              |     3 |       ||     3
       Spear             |    15 |     2 ||    17
       Shillelagh        |       |     1 ||     1
 Cast: Shock             |    65 |    22 ||    87
       Static Discharge  |     2 |     1 ||     3
Armor: Robe              |     3 |     1 ||     4
Dodge: Dodged            |    22 |     4 ||    26

Table legend: (Time is in decaauts)
 A = Elapsed time spent in this place.
 B = Non-inter-level travel time spent in this place.
 C = Inter-level travel time spent in this place.
 D = Time resting spent in this place.
 E = Time spent auto-exploring this place.
 F = Levels seen in this place.
 G = Mean time per level.
                   A        B        C        D        E       F      G
               +--------+--------+--------+--------+--------+-----+--------+
         Total |   2509 |   2443 |     66 |      0 |   2133 |   3 |  836.3 |
       Dungeon |   2509 |   2443 |     66 |      0 |   2133 |   3 |  836.3 |
               +--------+--------+--------+--------+--------+-----+--------+

Top non-repeatable levels by time:
     D:1: 1601 daAuts
     D:2: 901 daAuts
     D:3: 6 daAuts
